 Dungeon Crawl Stone Soup version 0.24-a0-307-gf989941 (webtiles) character file.

Game seed: 14161659712645235791

47781 mortelune the Fighter (level 14, -7/124 HPs)
             Began as a White Draconian Fire Elementalist on May 12, 2019.
             Was a High Priest of Vehumet.
             Hit by a large rock thrown by a stone giant (54 damage)
             ... on level 2 of the Orcish Mines.
             The game lasted 01:45:49 (33016 turns).

mortelune the Fighter (DrFE)                       Turns: 33016, Time: 01:45:50

Health: -7/124     AC: 13    Str: 10    XL:     14   Next: 9%
Magic:  9/26       EV: 15    Int: 25    God:    Vehumet [*****.]
Gold:   610        SH:  0    Dex: 12    Spells: 1/29 levels left

rFire    . . .     SeeInvis .   X - +1 trident (freeze)
rCold    + . .     Gourm    +   (no shield)
rNeg     . . .     Faith    .   (armour unavailable)
rPois    .         Spirit   .   (helmet restricted)
rElec    .         Reflect  .   Q - +1 cloak
rCorr    .         Harm     .   C - +1 pair of gloves
MR       +....                  m - +0 pair of boots
Stlth    ++........             i - amulet of the gourmand
HPRegen  0.30/turn              A - +2 ring of intelligence
MPRegen  0.20/turn              G - +2 ring of intelligence

@: no status effects
A: breathe frost, unfitting armour, cold resistance 1, cold-blooded, AC +8
a: Breathe Frost, Renounce Religion


You were on level 2 of the Orcish Mines.
You worshipped Vehumet.
Vehumet was extremely pleased with you.
You were not hungry.

You visited 4 branches of the dungeon, and saw 21 of its levels.

You collected 1618 gold pieces.
You spent 1008 gold pieces at shops.

Inventory:

Hand Weapons
 a - a +0 club
 c - a +0 short sword
 j - a +0 rapier
 o - a +1 trident
 r - a +3 long sword of slicing
 V - a +0 whip of electrocution
 X - a +1 trident of freezing (weapon)
Armour
 m - a +0 pair of boots (worn)
 C - a +1 pair of gloves (worn)
 M - a +0 shield
 Q - a +1 cloak (worn)
Jewellery
 i - an amulet of the gourmand (around neck)
 w - an uncursed amulet of guardian spirit
 x - a +3 ring of strength
 A - a +2 ring of intelligence (left hand)
 F - an uncursed ring of protection from cold
 G - a +2 ring of intelligence (right hand)
 T - an uncursed ring of positive energy {unknown}
Wands
 g - a wand of polymorph (19)
 t - a wand of digging (9)
 B - a wand of iceblast (17)
 E - a wand of acid (12)
 K - a wand of paralysis (8)
 S - a wand of flame (30)
 W - a wand of disintegration (12)
Scrolls
 e - 3 scrolls of enchant weapon
 f - 4 scrolls of remove curse
 y - 2 scrolls of vulnerability {unknown}
 H - 3 scrolls of magic mapping
 J - 2 scrolls of fear
 L - 7 scrolls of teleportation
 N - 6 scrolls of identify
 O - 3 scrolls of fog
 P - a scroll of random uselessness {unknown}
Potions
 d - 2 potions of berserk rage
 h - 2 potions of might
 k - 2 potions of brilliance
 l - 2 potions of flight
 n - a potion of resistance {unknown}
 p - 3 potions of heal wounds
 q - 2 potions of cancellation {unknown}
 s - a potion of agility {unknown}
 u - 4 potions of curing
 v - 4 potions of lignification
 z - 9 potions of degeneration
 D - a potion of haste {unknown}
 I - a potion of ambrosia {unknown}
 R - 2 potions of invisibility {unknown}
 U - a potion of magic {unknown}
Comestibles
 b - 27 rations


   Skills:
 + Level 11.5 Fighting
 - Level 6.0 Polearms
 + Level 6.6 Dodging
 - Level 1.7 Stealth
 + Level 8.0 Spellcasting
 + Level 10.3 Conjurations
 - Level 10.0 Summonings
 - Level 4.4 Fire Magic
 - Level 11.0 Ice Magic
 - Level 7.0 Air Magic


You had one spell level left.
You knew the following spells:

 Your Spells              Type           Power        Failure   Level  Hunger
a - Flame Tongue          Conj/Fire      #####        1%          1    None
b - Throw Flame           Conj/Fire      #####.       1%          2    None
c - Conjure Flame         Conj/Fire      #####...     1%          3    None
d - Sticky Flame          Conj/Fire      #####...     1%          4    ##.....
e - Fireball              Conj/Fire      #####.....   2%          5    ####...
f - Summon Ice Beast      Ice/Summ       ######..     1%          4    ##.....
q - Summon Lightning Spi  Summ/Air       ######..     1%          4    ##.....
w - Iskenderun's Battles  Conj/Chrm      #####...     5%          5    ####...

Your spell library contained the following spells:

 Spells                   Type           Power        Failure   Level  Hunger
 Bolt of Magma            Conj/Fire/Erth ####......   6%          5    ####...
 Sandblast                Erth           ##....       1%          1    None
 Summon Butterflies       Summ           ######..     1%          1    None
 Call Canine Familiar     Summ           ######..     1%          3    None
 Stone Arrow              Conj/Erth      #####.       1%          3    None
 Inner Flame              Hex/Fire       ###.....     2%          3    None
 Conjure Ball Lightning   Conj/Air       ######....   7%          6    ######.
 Passwall                 Tmut/Erth      ##......     9%          2    None
 Summon Mana Viper        Hex/Summ       #####...     22%         5    ####...
 Silence                  Hex/Air        ####......   36%         5    ####...
 Lee's Rapid Deconstruct  Erth           ##........   38%         5    ####...
 Yara's Violent Unravell  Hex/Tmut       ##........   38%         5    ####...
 Cause Fear               Hex            ##........   52%         4    ##.....
 Petrify                  Tmut/Erth      ##......     52%         4    ##.....
 Summon Hydra             Summ           ######....   63%         7    #######
 Deflect Missiles         Chrm/Air       ####......   91%         6    ######.
 Discord                  Hex            ##........   100%        8    #######
 Tornado                  Air            #####.....   100%        9    #######


Dungeon Overview and Level Annotations

Branches:
Dungeon (12/15)            Temple (1/1) D:7            Lair (6/6) D:10
  Swamp (0/4) Lair:4        Snake (0/4) Lair:3        Slime (0/5) Lair:5
    Orc (2/2) D:9             Elf (0/3) Orc:2

Altars:
Ashenzari
Cheibriados
Dithmenos
Elyvilon
Fedhas
Gozag
Hepliaklqana
Kikubaaqudgha
Makhleb
Nemelex Xobeh
Okawaru
Qazlal
Ru
Sif Muna
Trog
Uskayaw
Vehumet
Wu Jian
Xom
Yredelemnul
Zin
The Shining One
Beogh

Shops:
D:10 *   Orc:2 :??=

Portals:
Trove: D:11 (give horn of Geryon)

Annotations:
Lair:3 exclusion: oklob plant
Lair:5 exclusion: 3 oklob plants


Innate Abilities, Weirdness & Mutations

You can breathe waves of freezing cold.
You can buffet flying creatures when you breathe cold.
Your icy white scales are hard. (AC +8)
You cannot fit into any form of body armour.
Your flesh is cold resistant. (rC+)
You are cold-blooded and may be slowed by cold attacks.


Message History

Your battlesphere fires!
The barrage of energy hits the stone giant.
The stone giant is lightly wounded.
The stone giant throws a large rock.
The large rock hits you!!!
Casting: Throw Flame (safe; 1% risk of failure)
Confirm with . or Enter, or press ? or * to list all spells.
You can't see any susceptible monsters within range! (Use Z to cast anyway.) Unknown command.
Casting: Throw Flame (safe; 1% risk of failure)
Confirm with . or Enter, or press ? or * to list all spells.
Aiming: Throw Flame (safe; 1% risk of failure)
Press: ? - help, Shift-Dir - straight line, f/p - stone giant
Aim: a stone giant (lightly wounded)
The puff of flame hits the stone giant!
The stone giant is lightly wounded.
Your battlesphere fires!
The barrage of energy hits the stone giant but does no damage.
The stone giant is lightly wounded.
The stone giant throws a large rock.
The large rock hits you!!!
You die...

#............#)
##.....#.....#)
##..##))...... ##
#...#)#......) . ##.#
###..).)#......
..##...###.)..).###.....
.#..#...#)..)....####...
#...)...........###.....
#....)@))..............
#......#............$#.
...*....##.##........###
....#....####.#.##......
.....#... ...##......)
C.....##.# ..##...###.)
...... #. #.. ##...
..... . . #.... ##....


You could see a stone giant and a friendly battlesphere.

Vanquished Creatures
  A hydra (Lair:2)
  4 ogre magi (Orc:2)
  12 two-headed ogres
  2 unseen horrors
  2 ugly things (D:12)
  4 elephants
  A manticore (D:11)
  8 spiny frogs
  2 gargoyles (D:11)
  2 rime drakes
  6 komodo dragons
  A troll (D:12)
  Grinder (D:6)
  9 blink frogs
  Prince Ribbit (D:7)
  A dream sheep (Lair:3)
  2 slime creatures (D:12)
  8 hippogriffs
  18 yaks
  A wraith (D:11)
  Grum (D:10)
  3 humans
  4 hogs (D:7)
  2 vampire mosquitoes (Lair:5)
  A hungry ghost (D:8)
  3 wargs
  A naga (Lair:3)
  6 water moccasins
  Duvessa (D:6)
  6 porcupines
  A swamp drake (D:9)
  A black bear (D:11)
  A sky beast (D:5)
  An eye of draining (D:12)
  4 ice beasts
  12 orc warriors
  3 phantoms
  A wolf (shapeshifter) (D:12)
  5 wolves
  27 ogres
  3 centaurs
  3 crocodiles
  A big kobold (D:11)
  11 bullfrogs
  Dowan (D:6)
  A scorpion (D:12)
  10 killer bees (D:12)
  4 wights (D:7)
  A centaur zombie (D:10)
  A crimson imp (D:9)
  4 bullfrog zombies
  9 hounds
  A jelly (D:8)
  Crazy Yiuf (D:6)
  7 orc priests
  4 bullfrog skeletons
  5 centaur skeletons
  Ijyb (D:3)
  6 iguanas
  16 orc wizards
  7 worker ants
  A hound skeleton (D:9)
  2 worker ant zombies
  A gnoll (D:1)
  A howler monkey skeleton (D:10)
  8 adders
  3 shadow imps
  An ooze (D:1)
  2 adder skeletons
  2 worms (D:2)
  4 dart slugs
  5 leopard geckos
  67 orcs
  4 giant cockroaches
  6 goblins
  11 hobgoblins
  13 jackals
  9 kobolds
  5 quokkas
  A ball python (D:1)
  6 bats
  2 frilled lizards
  A jackal skeleton (D:4)
  A leopard gecko skeleton (D:8)
  A quokka zombie (D:4)
  3 rats
  2 plants (D:10)
429 creatures vanquished.

Vanquished Creatures (collateral kills)
  Jorgrun (Orc:1)
  Harold (D:7)
  3 hydras
  The ghost of Hylith the Reanimator, a novice DDNe of Makhleb (D:8)
  3 two-headed ogres
  A death yak (Lair:6)
  Urug (Lair:5)
  A swamp dragon (Lair:4)
  An orc knight (Orc:1)
  4 ugly things
  A kobold demonologist (D:11)
  2 trolls
  3 slime creatures (D:11)
  2 blink frogs (Lair:2)
  2 hippogriffs
  A basilisk (Lair:4)
  A hungry ghost (D:11)
  A naga (Lair:3)
  4 orc warriors
  4 ogres (Orc:2)
  4 wolves (Lair:4)
  A big kobold (D:11)
  A bullfrog (Lair:4)
  2 jellies
  3 crimson imps
  2 orc wizards
  10 orcs
  3 kobolds (D:11)
64 creatures vanquished.

Vanquished Creatures (others)
  4 dream sheep (Lair:3)
  12 fungi
  24 plants
40 creatures vanquished.

Grand Total: 533 creatures vanquished

Notes
Turn   | Place    | Note
-------+----------+-------------------------------------------
     0 | D:1      | mortelune the Draconian Fire Elementalist began the quest
                  | for the Orb.
     0 | D:1      | Reached XP level 1. HP: 14/14 MP: 3/3
   272 | D:1      | Reached XP level 2. HP: 15/22 MP: 0/5
   363 | D:1      | Learned a level 2 spell: Throw Flame
  1051 | D:1      | Reached skill level 1 in Fighting
  1051 | D:1      | Reached XP level 3. HP: 28/28 MP: 0/6
  1108 | D:1      | Learned a level 3 spell: Conjure Flame
  2041 | D:2      | Reached XP level 4. HP: 33/35 MP: 0/7
  2988 | D:3      | Noticed Ijyb
  3082 | D:4      | Reached XP level 5. HP: 34/41 MP: 0/9
  4297 | D:4      | Reached XP level 6. HP: 45/49 MP: 0/10
  4433 | D:4      | Learned a level 4 spell: Sticky Flame
  4849 | D:3      | Killed Ijyb
  5573 | D:3      | Found a deep blue altar of Sif Muna.
  5795 | D:5      | Entered Level 5 of the Dungeon
  5812 | D:5      | Reached skill level 5 in Fire Magic
  6026 | D:5      | Noticed a sky beast
  6040 | D:5      | Killed a sky beast
  6040 | D:5      | Your scales start taking on an icy white colour.
  6040 | D:5      | Reached XP level 7. HP: 33/57 MP: 6/12
  6040 | D:5      | Gained mutation: Your flesh is cold resistant. (rC+) [White
                  | Draconian growth]
  6627 | D:5      | Found a glowing golden altar of the Shining One.
  6939 | D:6      | Noticed Grinder
  6945 | D:6      | Killed Grinder
  6945 | D:6      | Reached skill level 1 in Polearms
  6945 | D:6      | Reached skill level 5 in Conjurations
  7493 | D:6      | Noticed Duvessa
  7505 | D:6      | Noticed Dowan
  7584 | D:7      | Noticed Prince Ribbit
  7589 | D:7      | Killed Prince Ribbit
  7589 | D:7      | Reached XP level 8. HP: 66/66 MP: 7/14
  7673 | D:7      | Found a staircase to the Ecumenical Temple.
  7695 | Temple   | Entered the Ecumenical Temple
  7703 | Temple   | Became a worshipper of Vehumet
  8555 | D:7      | Found a glowing silver altar of Zin.
  8555 | D:7      | Found a shadowy altar of Dithmenos.
  8654 | D:7      | Found a hazy altar of Hepliaklqana.
  8713 | D:7      | Learned a level 5 spell: Fireball
  8831 | D:7      | Reached skill level 5 in Fighting
  8988 | D:7      | Noticed Harold
  9443 | D:8      | Reached * piety under Vehumet
  9443 | D:8      | Offered knowledge of Sting by Vehumet.
  9443 | D:8      | Reached skill level 5 in Spellcasting
  9463 | D:8      | Reached XP level 9. HP: 61/74 MP: 4/16
 10168 | D:8      | Found a runed translucent gate.
 10169 | D:8      | Found a runed translucent gate.
 10169 | D:8      | Noticed an 11-headed hydra
 10170 | D:8      | Found a runed translucent gate.
 10170 | D:8      | Noticed Hylith's ghost (novice DDNe)
 10406 | D:7      | Found a white marble altar of Elyvilon.
 11255 | D:6      | Noticed a cyan ugly thing
 11603 | D:5      | Learned a level 4 spell: Summon Ice Beast
 11739 | D:8      | Reached skill level 5 in Polearms
 11739 | D:8      | Reached skill level 1 in Ice Magic
 11865 | D:8      | Found an iron altar of Okawaru.
 12035 | D:9      | Found an ornate altar of the Wu Jian Council.
 12178 | D:9      | Reached XP level 10. HP: 84/84 MP: 14/19
 12502 | D:9      | Reached ** piety under Vehumet
 12720 | D:9      | Offered knowledge of Sandblast by Vehumet.
 13225 | D:9      | Found a staircase to the Orcish Mines.
 13407 | D:10     | Entered Level 10 of the Dungeon
 13971 | D:10     | Noticed Grum
 14010 | D:10     | Killed Grum
 14119 | D:10     | Noticed a gargoyle
 14514 | D:10     | Found a staircase to the Lair.
 14579 | Lair:1   | Entered Level 1 of the Lair of Beasts
 15063 | Lair:1   | Offered knowledge of Static Discharge by Vehumet.
 15454 | Lair:1   | Noticed a spiny frog
 15462 | Lair:1   | Killed a spiny frog
 16024 | Lair:2   | Noticed a spiny frog
 16032 | Lair:2   | Killed a spiny frog
 16036 | Lair:2   | Reached skill level 5 in Ice Magic
 16425 | Lair:2   | Reached XP level 11. HP: 94/94 MP: 15/21
 16520 | Lair:2   | Noticed a four-headed hydra
 16531 | Lair:2   | Killed a four-headed hydra
 16531 | Lair:2   | Reached skill level 10 in Conjurations
 16731 | Lair:2   | Noticed a four-headed hydra
 16738 | Lair:2   | Killed a four-headed hydra
 16879 | Lair:2   | Found a shadowy altar of Dithmenos.
 17800 | Lair:3   | Reached *** piety under Vehumet
 17950 | Lair:3   | Reached skill level 1 in Summonings
 18203 | Lair:3   | Noticed an oklob plant
 18474 | Lair:3   | Offered knowledge of Mephitic Cloud by Vehumet.
 18631 | Lair:3   | Found a staircase to the Snake Pit.
 18783 | Lair:3   | Found a shimmering altar of Xom.
 19806 | Lair:4   | Reached XP level 12. HP: 105/105 MP: 3/24
 19982 | Lair:4   | Reached **** piety under Vehumet
 20062 | Lair:4   | Noticed a five-headed hydra
 20070 | Lair:4   | Killed a five-headed hydra
 20200 | Lair:4   | Offered knowledge of Irradiate by Vehumet.
 20462 | Lair:4   | Reached skill level 5 in Summonings
 21213 | Lair:4   | Found a staircase to the Swamp.
 21730 | Lair:5   | Found a staircase to the Slime Pits.
 21853 | Lair:5   | Reached skill level 10 in Fighting
 22570 | Lair:5   | Noticed Urug
 22587 | Lair:5   | Killed Urug
 22587 | Lair:5   | Reached skill level 10 in Ice Magic
 22881 | Lair:6   | Entered Level 6 of the Lair of Beasts
 22885 | Lair:6   | Noticed a death yak
 22887 | Lair:6   | Noticed a death yak
 22899 | Lair:6   | Killed a death yak
 23034 | Lair:6   | Noticed a death yak
 23035 | Lair:6   | Noticed a death yak
 23037 | Lair:6   | Noticed a death yak
 23039 | Lair:6   | Noticed a death yak
 23039 | Lair:6   | Noticed a seven-headed hydra
 23652 | D:6      | Found a runed translucent door.
 23653 | D:6      | Noticed Crazy Yiuf
 23659 | D:6      | Killed Crazy Yiuf
 23827 | D:6      | Killed Dowan
 23832 | D:6      | Killed Duvessa
 24557 | D:7      | Killed Harold
 24822 | D:8      | Killed an 11-headed hydra
 24833 | D:8      | Killed Hylith's ghost
 25210 | D:10     | Found Vurr's General Store.
 25217 | D:10     | Bought 2 scrolls of identify for 56 gold pieces
 25217 | D:10     | Bought a scroll of teleportation for 42 gold pieces
 25217 | D:10     | Bought a book of the Sky for 910 gold pieces
 25222 | D:10     | Learned a level 4 spell: Summon Lightning Spire
 25631 | D:10     | Reached skill level 1 in Air Magic
 26003 | D:11     | Found a portal to a secret trove of treasure.
 26101 | D:11     | Reached skill level 5 in Dodging
 26708 | D:11     | Reached XP level 13. HP: 97/114 MP: 1/25
 27205 | D:12     | Found a blossoming altar of Fedhas.
 27226 | D:11     | Reached ***** piety under Vehumet
 27226 | D:11     | Offered knowledge of Iskenderun's Battlesphere by Vehumet.
 27233 | D:11     | Learned a level 5 spell: Iskenderun's Battlesphere
 29162 | Orc:1    | Entered Level 1 of the Orcish Mines
 29187 | Orc:1    | Noticed Jorgrun
 29328 | Orc:1    | Killed Jorgrun
 30430 | Orc:1    | Found a roughly hewn altar of Beogh.
 31017 | Orc:2    | Entered Level 2 of the Orcish Mines
 31017 | Orc:2    | Found a staircase to the Elven Halls.
 31289 | Orc:2    | Reached skill level 5 in Air Magic
 32230 | Orc:2    | Offered knowledge of Bolt of Magma by Vehumet.
 32649 | Orc:2    | Found Jeshipau's Magic Scroll Shop.
 32649 | Orc:2    | Found Peledd's Book Emporium.
 32649 | Orc:2    | Found Kass's Jewellery Shoppe.
 32649 | Orc:2    | Found Turrocva's Magic Scroll Shop.
 32835 | Orc:2    | Reached XP level 14. HP: 111/124 MP: 18/26
 32936 | Orc:2    | Reached skill level 10 in Summonings
 33013 | Orc:2    | Noticed a stone giant
 33016 | Orc:2    | Hit by a large rock thrown by a stone giant

Levels and vault maps discovered:
D:1:      dpeg_arrival_long_road, layout_basic
D:2:      layout_basic
D:3:      layout_loops_ring, lemuel_blue_sif_altar, uniq_ijyb
D:4:      layout_basic, first_ration, minmay_circle_x
D:5:      layout_loops_ring, basic_altar
D:6:      minmay_chambers_of_sixes, layout_basic, uniq_grinder, uniq_duvessa,
          uniq_crazy_yiuf_cottage
D:7:      layout_basic, elyvilon_altar_5, gammafunk_temple_overflow_claw,
          minmay_temple_entry_large_hall, grunt_livestock, uniq_prince_ribbit1,
          uniq_harold
D:8:      layout_basic, okawaru_humans, gammafunk_ghost_hydra_chop,
          hangedman_abyss_or_decor_lesser_grid
D:9:      layout_irregular_city, old_standard_altar, erik_orc_1, serial_rivers,
          chequers_serial_rivers_micro_b, chequers_serial_rivers_small_a,
          chequers_serial_rivers_room_a, chequers_serial_rivers_micro_b,
          chequers_serial_rivers_micro_a, chequers_serial_rivers_large_a,
          hangedman_abyss_or_decor_slice, kennysheep_donut
D:10:     layout_roguey, dpeg_oklobed_lair, serial_shops, shop,
          minmay_misc_feat_diagonals, uniq_grum
D:11:     layout_cave_pools, enter_trove_2
D:12:     layout_loops_cross, fedhas_altar_3
Temple:   nicolae_temple_no_exploring_needed
Lair:1:   layout_layer_cave
Lair:2:   layout_cave_pods, basic_altar
Lair:3:   layout_loops_ring, guppyfry_snake_entry_garden,
          kb_xom_exploding_sheep, minmay_lair_oklob_chamber
Lair:4:   layout_gridlike, minmay_swamp_entry_reptiles, grunt_megastairs_2,
          lemuel_fruit_fields
Lair:5:   layout_gridlike, minmay_slime_entry_oklob_open, grunt_megastairs_5,
          serial_bayou_shore_a, uniq_urug
Lair:6:   minmay_lair_end_frog_pond, layout_regular_city
Orc:1:    nicolae_orc_accident_2, layout_caves, uniq_jorgrun
Orc:2:    st_orc_ogre_mass, layout_caves, basic_altar

Skill      XL: |  1  2  3  4  5  6  7  8  9 10 11 12 13 14 |
---------------+-------------------------------------------+-----
Fighting       | 1 2 3 4 5 6 8 9 10 11 | 11.5
Conjurations   | 2 3 4 5 7 8 9 10 | 10.3
Fire Magic     | 4 4 |  4.4
Spellcasting   | 3 4 5 6 7 8 |  8.0
Polearms       | 2 3 5 6 |  6.0
Ice Magic      | 1 5 8 10 11 | 11.0
Dodging        | 3 5 6 |  6.6
Summonings     | 4 7 9 10 | 10.0
Air Magic      | 2 6 7 |  7.0
Stealth        | |  1.7

Action                   |  1- 3 |  4- 6 |  7- 9 | 10-12 | 13-15 || total
-------------------------+-------+-------+-------+-------+-------++-------
Melee: Club              |     5 |       |       |       |       ||     5
       Short sword       |     1 |     1 |       |       |       ||     2
       Trident           |       |    47 |    57 |   143 |    36 ||   283
       Rapier            |       |     4 |       |       |       ||     4
       Tailslap          |       |     4 |     5 |    20 |     4 ||    33
 Cast: Flame Tongue      |    48 |    77 |   161 |   335 |   233 ||   854
       Throw Flame       |    18 |    48 |    83 |    97 |    22 ||   268
       Conjure Flame     |       |     1 |     6 |    15 |     3 ||    25
       Sticky Flame      |       |     3 |    23 |    84 |    31 ||   141
       Fireball          |       |       |     2 |    36 |    23 ||    61
       Summon Ice Beast  |       |       |       |    44 |    11 ||    55
       Summon Lightning  |       |       |       |    10 |    23 ||    33
       Iskenderun's Batt |       |       |       |       |    34 ||    34
 Abil: Breathe Frost     |       |       |       |     2 |       ||     2
  Use: Scroll            |       |     6 |     6 |    11 |       ||    23
       Potion            |       |       |       |       |     1 ||     1
 Stab: Distracted        |       |       |       |     3 |       ||     3
  Eat: Chunk             |     2 |    15 |    20 |    63 |    29 ||   129
       Ration            |     1 |       |     2 |       |     2 ||     5
Armor: Skin              |    11 |    35 |    36 |    87 |    36 ||   205
Dodge: Dodged            |    15 |    45 |    65 |   190 |    75 ||   390

Table legend:
 A = Non-vault XP
 B = Vault XP
 C = Vault XP percentage of total XP
 D = Non-vault monster count
 E = Vault monster count
 F = Vault count percentage of total count
                 A         B        C        D         E       F
            +---------+---------+-------+---------+---------+-------
      Total |   40226 |   28033 |  41.1 |     389 |     105 |  21.3
            +---------+---------+-------+---------+---------+-------
        D:1 |      54 |       0 |   0.0 |      18 |       0 |   0.0
        D:2 |      52 |       0 |   0.0 |      18 |       0 |   0.0
        D:3 |     112 |      36 |  24.3 |      21 |       1 |   4.5
        D:4 |     247 |      88 |  26.3 |      13 |       4 |  23.5
        D:5 |     426 |       0 |   0.0 |      11 |       0 |   0.0
        D:6 |     633 |    1008 |  61.4 |      19 |       9 |  32.1
        D:7 |     773 |    2220 |  74.2 |      28 |       8 |  22.2
        D:8 |    1156 |    1272 |  52.4 |      22 |       3 |  12.0
        D:9 |     466 |     592 |  56.0 |      15 |      17 |  53.1
       D:10 |    2018 |     659 |  24.6 |      17 |       5 |  22.7
       D:11 |    3911 |       0 |   0.0 |      40 |       0 |   0.0
       D:12 |    5901 |       0 |   0.0 |      29 |       0 |   0.0
     Lair:1 |    1741 |       0 |   0.0 |       8 |       0 |   0.0
     Lair:2 |    3758 |       0 |   0.0 |      11 |       0 |   0.0
     Lair:3 |    6753 |     305 |   4.3 |      30 |       2 |   6.2
     Lair:4 |    5193 |     859 |  14.2 |      24 |       5 |  17.2
     Lair:5 |    1487 |    2126 |  58.8 |       6 |       8 |  57.1
     Lair:6 |     838 |     359 |  30.0 |       2 |       2 |  50.0
      Orc:1 |    2334 |    3278 |  58.4 |      29 |       6 |  17.1
      Orc:2 |    2373 |   15231 |  86.5 |      28 |      35 |  55.6
            +---------+---------+-------+---------+---------+-------
